 Dungeon Crawl Stone Soup version 0.29.1-13-g9f3cf754e1 (webtiles) character file.

Game seed: 1656545422187750802

65 protoss039 the Digger (level 3, -2/27 HPs)
             Began as a Demonspawn Earth Elementalist on Feb 9, 2023.
             Slain by Grinder (4 damage)
             ... on level 3 of the Dungeon.
             The game lasted 00:04:46 (2492 turns).

protoss039 the Digger (DsEE)                        Turns: 2492, Time: 00:04:47

Health: -2/27      AC:  3    Str:  8    XL:     3   Next: 94%
Magic:  0/7        EV: 12    Int: 18    God:
Gold:   99         SH:  0    Dex: 13    Spells: 1/7 levels left

rFire   . . .      SeeInvis .   k - +1 dagger (venom)
rCold   . . .      Faith    .   (no shield)
rNeg    . . .      Spirit   .   a - +0 robe
rPois   .          Reflect  .   (no helmet)
rElec   .          Harm     .   h - +0 cloak
rCorr   .          Rampage  .   (no gloves)
Will    .....                   (no boots)
Stlth   ++........              (no amulet)
HPRegen 0.09/turn               (no ring)
MPRegen 0.10/turn               (no ring)

@: no status effects
A: powered by pain 1
a: no special abilities


You were on level 3 of the Dungeon.
You visited 1 branch of the dungeon, and saw 3 of its levels.

You collected 141 gold pieces.
You spent 42 gold pieces at shops.

Inventory:

Hand Weapons
 k - a +1 dagger of venom (weapon)
Armour
 a - a +0 robe (worn)
 h - a +0 cloak (worn)
Scrolls
 c - 2 scrolls of teleportation {unknown}
 f - a scroll of magic mapping {unknown}
 g - a scroll of silence {unknown}
 i - a scroll of identify {unknown}
Potions
 b - a potion of magic
 d - a potion of mutation {unknown}
 j - a potion of heal wounds {unknown}


   Skills:
 + Level 1.9 Fighting
 - Level 1.7 Dodging
 - Level 1.7 Stealth
 + Level 2.7 Spellcasting
 + Level 0.3 Conjurations
 - Level 0.8 Transmutations
 + Level 3.3 Earth Magic


You had one spell level left.
You knew the following spells:

 Your Spells              Type           Power      Damage    Failure   Level
a - Sandblast             Erth           28%        2d8       4%          1
b - Passwall              Tmut/Erth      8%         N/A       11%         2
c - Stone Arrow           Conj/Erth      18%        3d8       24%         3

Your spell library contained the following spells:

 Spells                   Type           Power      Damage    Failure   Level
 Ozocubu's Armour         Ice            2%         N/A       45%         3
 Petrify                  Tmut/Erth      10%        N/A       56%         4
 Metabolic Englaciation   Hex/Ice        1%         N/A       99%         5
 Simulacrum               Ice/Necr       1%         N/A       100%        6


Dungeon Overview and Level Annotations

Branches:
Dungeon (3/15) Zot: 15487

Altars:
Ashenzari

Shops:
D:1 !

Annotations:
D:2 Sigmund
D:3 Grinder


Innate Abilities, Weirdness & Mutations

You sometimes gain a little power by taking damage.


Message History

Unknown command.
You hit Grinder but do no damage.
Grinder is moderately wounded.
Grinder blinks!
Grinder hits you!
You writhe in agony.
* * * LOW HITPOINT WARNING * * *
You closely miss Grinder.
Grinder is moderately wounded.
Grinder hits you.
* * * LOW HITPOINT WARNING * * *
You writhe in agony.
* * * LOW HITPOINT WARNING * * *
Unknown command.
You feel better.
Grinder blinks!
Grinder gestures at you.
You suddenly lose the ability to move!
You can move again.
Casting: Sandblast (safe; 4% risk of failure)
Confirm with . or Enter, or press ? or * to list all spells.
Aiming: Sandblast (safe; 4% risk of failure)
Press: ? - help, Shift-Dir - straight line, f/p - Grinder
Aim: Grinder (moderately wounded, 80% to hit)
The blast of sand hits Grinder.
Grinder is heavily wounded.
Grinder misses you.
You barely miss Grinder.
Grinder is heavily wounded.
Grinder closely misses you.
Unknown command.
You barely miss Grinder.
Grinder is heavily wounded.
Grinder hits you!
* * * LOW HITPOINT WARNING * * *
You writhe in agony.
* * * LOW HITPOINT WARNING * * *
Unknown command.
You hit Grinder.
Grinder is poisoned.
Grinder is heavily wounded.
Grinder hits you.
You die...

##...........## #....#.#.#
###..##'##..#####....#.#.##
#.#..#...#..#.#.[....#.....
#.##.#._.#.##.#......#.....
#..###...###..'............
##...#####....#.....#...###
###.......##.#######...'..
##...........# #...###
#####...@5....# #####
..............#
..............#
..............#
.......######†.. .......
#..... ....... #.....
####### #..... ......


You could see Grinder (very poisoned).

Vanquished Creatures
  An adder (D:2)
  A worm (D:2)
  3 dart slugs
  3 ball pythons
  4 endoplasms
  A giant cockroach (D:1)
  5 goblins
  3 hobgoblins
  4 jackals (D:1)
  A quokka (D:2)
  2 bats
  7 frilled lizards
  6 kobolds
  4 rats
45 creatures vanquished.

Notes
Turn   | Place    | Note
-------+----------+-------------------------------------------
     0 | D:1      | protoss039 the Demonspawn Earth Elementalist began the
                  | quest for the Orb.
     0 | D:1      | Reached XP level 1. HP: 13/13 MP: 3/3
   380 | D:2      | Gained mutation: You sometimes gain a little power by
                  | taking damage. [demonic ancestry]
   380 | D:2      | Reached XP level 2. HP: 20/20 MP: 1/5
   432 | D:2      | Noticed Sigmund
   455 | D:2      | Reached skill level 1 in Fighting
   608 | D:2      | Reached skill level 3 in Earth Magic
   843 | D:2      | Reached XP level 3. HP: 23/26 MP: 3/6
  1683 | D:1      | Learned a level 2 spell: Passwall
  1687 | D:1      | Learned a level 3 spell: Stone Arrow
  1790 | D:1      | Found Wixynel's Distillery.
  1795 | D:1      | Bought a potion of curing for 42 gold pieces
  2272 | D:3      | Noticed Grinder
  2276 | D:3      | Found a broken altar of Ashenzari.
  2483 | D:3      | HP: 1/27 [Grinder (1)]
  2485 | D:3      | Paralysed by Grinder for 3 turns
  2492 | D:3      | Slain by Grinder

Illustrated notes

Levels and vault maps discovered:
D:1:      minmay_arrival_diagonal_passages, layout_loops_ring, serial_shops,
          shop, minmay_misc_feat_room
D:2:      layout_loops_ring, uniq_sigmund
D:3:      layout_basic, nicolae_ashenzari_skybound,
          mainiacjoe_overflow_alcove_1, shapermc_ecumenical_altar_ellora,
          uniq_natasha, uniq_grinder

Skill      XL: |  1  2 |
---------------+-------+-----
Fighting       | 1 |  1.9
Earth Magic    | 3 |  3.3
Dodging        | |  1.7
Stealth        | |  1.7
Spellcasting   | |  2.7
Conjurations   | |  0.3
Transmutations | |  0.8

Action                   || total
-------------------------++-------
Melee: Unarmed           ||     1
       Spear             ||    13
       Dagger            ||    55
 Cast: Sandblast         ||    39
  Use: Potion            ||     1
 Stab: Sleeping          ||     2
Armor: Robe              ||    22
Dodge: Dodged            ||    60
